 Dungeon Crawl Stone Soup version 0.23-b1-6-ga921848b48 (webtiles) character file.

Game seed: 17360860867833813619

49 LostNumber the Magician (level 3, -3/25 HPs)
             Began as a Gnoll Wizard on Feb 1, 2019.
             Slain by a worm (12 damage)
             ... on level 2 of the Dungeon.
             The game lasted 00:02:38 (1443 turns).

LostNumber the Magician (Gnoll Wizard)              Turns: 1443, Time: 00:02:39

Health: -3/25      AC:  2    Str: 10    XL:     3   Next: 75%
Magic:  9/11       EV: 14    Int: 20    God:
Gold:   79         SH:  0    Dex: 13    Spells: 5/16 levels left

rFire    . . .     SeeInvis .   c - +0 club
rCold    . . .     Gourm    .   (no shield)
rNeg     . . .     Faith    .   a - +0 robe
rPois    .         Spirit   .   b - +0 hat
rElec    .         Reflect  .   (no cloak)
rCorr    .         Harm     .   (no gloves)
MR       .....                  (no boots)
Stlth    +++.......             (no amulet)
HPRegen  0.08/turn              (no ring)
MPRegen  0.12/turn              (no ring)

@: no status effects
A: distributed training, fangs 1, strong nose
a: no special abilities


You were on level 2 of the Dungeon.
You were hungry.

You visited 1 branch of the dungeon, and saw 2 of its levels.

You collected 79 gold pieces.

Inventory:

Hand Weapons
 c - a +0 club (weapon)
Armour
 a - a +0 robe (worn)
 b - a +0 hat (worn)
Scrolls
 e - 2 scrolls of identify {unknown}
 g - a scroll of enchant armour {unknown}
 h - a scroll of remove curse {unknown}
Potions
 f - a potion of ambrosia {unknown}
 i - 2 potions of agility {unknown}
 j - a potion of might {unknown}
Comestibles
 d - 3 rations


   Skills:
 + Level 0.9 Fighting
 + Level 0.9 Short Blades
 + Level 0.9 Long Blades
 + Level 0.9 Axes
 + Level 0.9 Maces & Flails
 + Level 0.9 Polearms
 + Level 0.9 Staves
 + Level 0.9 Slings
 + Level 0.9 Bows
 + Level 0.9 Crossbows
 + Level 0.9 Throwing
 + Level 0.9 Armour
 + Level 4.5 Dodging
 + Level 4.2 Stealth
 + Level 0.9 Shields
 + Level 0.9 Unarmed Combat
 + Level 7.1 Spellcasting
 + Level 2.1 Conjurations
 + Level 0.6 Hexes
 + Level 0.6 Charms
 + Level 2.1 Summonings
 + Level 0.6 Necromancy
 + Level 2.1 Translocations
 + Level 0.6 Transmutations
 + Level 0.6 Fire Magic
 + Level 0.6 Ice Magic
 + Level 0.6 Air Magic
 + Level 0.6 Earth Magic
 + Level 0.6 Poison Magic
 + Level 1.0 Invocations
 + Level 0.9 Evocations


You had 5 spell levels left.
You knew the following spells:

 Your Spells              Type           Power        Failure   Level  Hunger
a - Magic Dart            Conj           ###.         3%          1    None
b - Blink                 Tloc           N/A          6%          2    None
c - Call Imp              Summ           ###.....     6%          2    None
d - Mephitic Cloud        Conj/Pois/Air  ##......     17%         3    #......
e - Conjure Flame         Conj/Fire      ##......     16%         3    #......

Your spell library contained the following spells:

 Spells                   Type           Power        Failure   Level  Hunger
 Slow                     Hex            #.......     11%         2    None


Dungeon Overview and Level Annotations

Branches:
Dungeon (2/15)

Altars:


Innate Abilities, Weirdness & Mutations

Your experience applies equally to all skills.
You have very sharp teeth.
Your uncanny sense of smell can sniff out nearby items.


Message History

You are feeling hungry.
You climb downwards.
The worm bites you!
There is a stone staircase leading up, spattered with blood here.
Casting: Call Imp (safe; 6% risk of failure)
Confirm with . or Enter, or press ? or * to list all spells.
A beastly little devil appears in a puff of frigid air.
The worm closely misses you.
Unknown command.
Your white imp closely misses the worm.
What are your orders? t - Bark!
Orders for allies: a - Attack new target. r - Retreat! s - Stop attacking. g - Guard the area. f - Follow me.
Anything else - Cancel.
Gang up on whom?
Press: ? - help, Dir - move target cursor, f - worm
Aim: a worm Attack!
The worm bites you!
You die...

#.# ∆ #.. #.# ####.
#### #.##.....
##..### ##).......
######.....#
#..##.####
.......(.5<# #.†##.#
######....w####..##.#
##...@...(.....#
#.....####..#.(####
##.....###.........#
∆
.................##.#
###.....#.#...#.###.#
#......#......# #.#
###.###.#########.#
#.# #...........# #.
#..##########


You could see a worm and a friendly white imp.

Vanquished Creatures
  2 oozes (D:1)
  A dart slug (D:1)
  6 bats
  2 giant cockroaches (D:1)
  5 goblins
  6 hobgoblins
  6 kobolds
  A quokka (D:2)
  A ball python (D:1)
  A frilled lizard (D:1)
  3 rats
34 creatures vanquished.

Vanquished Creatures (collateral kills)
  A giant cockroach (D:2)
1 creature vanquished.

Grand Total: 35 creatures vanquished

Notes
Turn   | Place    | Note
-------+----------+-------------------------------------------
     0 | D:1      | LostNumber the Gnoll Wizard began the quest for the Orb.
     0 | D:1      | Reached XP level 1. HP: 13/13 MP: 8/8
   180 | D:1      | Reached XP level 2. HP: 17/19 MP: 1/10
   414 | D:1      | Reached XP level 3. HP: 12/25 MP: 0/11
  1101 | D:1      | Learned a level 2 spell: Blink
  1104 | D:1      | Learned a level 2 spell: Call Imp
  1109 | D:1      | Learned a level 3 spell: Mephitic Cloud
  1125 | D:1      | Learned a level 3 spell: Conjure Flame
  1142 | D:2      | Reached skill level 1 in Invocations
  1245 | D:2      | HP: 1/25 [worm (3)]
  1443 | D:2      | Slain by a worm

Skill      XL: |  1  2  3 |
---------------+----------+-----
Conjurations   | 2 |  2.1
Summonings     | 2 |  2.1
Translocations | 2 |  2.1
Invocations    | 1 |  1.0
Fighting       | |  0.9
Short Blades   | |  0.9
Long Blades    | |  0.9
Axes           | |  0.9
Maces & Flails | |  0.9
Polearms       | |  0.9
Staves         | |  0.9
Slings         | |  0.9
Bows           | |  0.9
Crossbows      | |  0.9
Throwing       | |  0.9
Armour         | |  0.9
Dodging        | |  4.5
Stealth        | |  4.2
Shields        | |  0.9
Unarmed Combat | |  0.9
Spellcasting   | |  7.1
Hexes          | |  0.6
Charms         | |  0.6
Necromancy     | |  0.6
Transmutations | |  0.6
Fire Magic     | |  0.6
Ice Magic      | |  0.6
Air Magic      | |  0.6
Earth Magic    | |  0.6
Poison Magic   | |  0.6
Evocations     | |  0.9

Action                   || total
-------------------------++-------
Melee: Club              ||    24
       Bite              ||     1
       Punch             ||     1
 Cast: Magic Dart        ||    78
       Call Imp          ||     4
 Stab: Distracted        ||     1
  Eat: Chunk             ||     1
Armor: Robe              ||    11
Dodge: Dodged            ||    22
